 Dungeon Crawl Stone Soup version 0.30-a0-381-g6ea064c7b4 (webtiles) character file.

Game seed: 7990335915138598453

44949 Shayle the Fighter (level 13, -2/109 HPs)
             Began as a Demonspawn Reaver on Dec 1, 2022.
             Was a Follower of Ashenzari.
             Succumbed to a green draconian's poison gas
             ... on level 1 of the Abyss on Dec 2, 2022.
             The game lasted 02:47:49 (25572 turns).

Shayle the Fighter (Demonspawn Reaver)             Turns: 25572, Time: 02:47:50

Health: -2/109     AC: 23    Str: 12    XL:     13   Next: 99%
Magic:  17/22      EV: 11    Int: 20    God:    Ashenzari [*.....]
Gold:   1153       SH:  6    Dex: 12    Spells: 4/25 levels left

rFire   + + .      SeeInvis .    w - +6 dagger "Ryhuneuf" {freeze, Will++}
rCold   + . .      Faith    .    x - +0 buckler
rNeg    . . .      Spirit   .    W - +2 leather armour {rF+}
rPois   .          Reflect  .    b - +1 hat of Lethargy {rElec rF+ rC+}
rElec   +          Harm     .    E - +1 cloak
rCorr   .          Rampage  .    J - +0 pair of gloves
Will    ++...                    V - +2 pair of boots of the Shattered Fetters {Stlth+, Comp, Range} (curse)
Stlth   ++++......               (no amulet)
HPRegen 0.38/turn                L - ring of wizardry
MPRegen 0.18/turn                z - ring of the Ensconced Sage {AC+4, Fort, Bglg} (curse)

@: lethally poisoned (-2 -> -18)
A: slimy green scales 2, demonic guardian 3, demonic magic 2, demonic touch 2,
shaggy fur 1, evolution 1
a: Renounce Religion, Shatter the Chains


You were on level 1 of the Abyss.
You worshipped Ashenzari.
Ashenzari was aware of your devotion.
You visited 3 branches of the dungeon, and saw 17 of its levels.
You visited the Abyss 1 time.
You also visited: Sewer, Gauntlet and Volcano.

You collected 1153 gold pieces.

Inventory:

Hand Weapons
 w - the +6 dagger "Ryhuneuf" (weapon) {freeze, Will++}
   (You took it off a kobold on level 3 of the Dungeon)

   It freezes those it strikes, dealing additional cold damage.
   It can also slow down cold-blooded creatures.
   Will:      It greatly increases your willpower.
 Z - the +4 rapier of Calculation {vamp, Dex+2 SInv}
   (You found it on level 4 of the Lair of Beasts)

   It occasionally heals its wielder for a portion of the damage dealt when it
   wounds a living foe.
   Dex:       It affects your dexterity (+2).
   SInv:      It lets you see invisible.
Missiles
 e - 7 silver javelins
 g - 2 curare-tipped darts
 t - 2 throwing nets
Armour
 b - the +1 hat of Lethargy (worn) {rElec rF+ rC+}
   (You found it in a Gauntlet)

   rF:        It protects you from fire.
   rC:        It protects you from cold.
   rElec:     It insulates you from electricity.
 m - +0 acid dragon scales
 x - a +0 buckler (worn)
 E - a +1 cloak (worn)
 J - a +0 pair of gloves (worn)
 V - the cursed +2 pair of boots of the Shattered Fetters (worn) {Stlth+, Comp, Range}
   (You found it in a volcano)

   It has a curse which improves the following skills: Companions: Summonings
   and Necromancy.
   Ranged Combat: Ranged Weapons and Throwing.
 W - a +2 leather armour of fire resistance (worn)
Jewellery
 j - a ring of poison resistance
 z - the cursed ring of the Ensconced Sage (right hand) {AC+4, Fort, Bglg}
   (You found it on level 4 of the Dungeon)

   [ring of protection]

   AC:        It affects your AC (+4).
   It has a curse which improves the following skills: Fortitude: Armour and
   Shields.
   Beguiling: Conjurations, Hexes and Translocations.
 L - a ring of wizardry (left hand)
 Q - a +6 ring of intelligence
Wands
 d - a wand of acid (1)
 y - a wand of flame (23)
 B - a wand of digging (5)
 U - a wand of mindburst (1)
Scrolls
 c - 4 scrolls of teleportation
 k - 2 scrolls of blinking
 l - a scroll of poison
 n - a scroll of immolation
 G - 4 scrolls of fog
 H - a scroll of fear
 P - 3 scrolls of magic mapping
 Y - 8 scrolls of identify
Potions
 a - a potion of cancellation
 f - 3 potions of ambrosia
 h - a potion of lignification
 i - 3 potions of resistance
 r - 2 potions of flight
 A - a potion of mutation
Miscellaneous
 q - a tin of tremorstones (inert)


   Skills:
 + Level 12.6 Fighting
 - Level 2.6 Axes
 + Level 11.5(12.3) Armour
 - Level 1.7 Dodging
 - Level 5.6 Stealth
 - Level 8.0(8.9) Shields
 + Level 6.5 Spellcasting
 + Level 7.4(8.3) Conjurations
 - Level 5.7(6.6) Hexes
 - Level 5.1(6.0) Translocations
 + Level 5.4 Fire Magic


You had 4 spell levels left.
You knew the following spells:

 Your Spells              Type           Power      Damage    Failure   Level
a - Kiss of Death         Conj/Necr      92%        2d12      1%          1
b - Hailstorm             Conj/Ice       23%        3d7       3%          3
c - Mephitic Cloud        Conj/Pois/Air  17%        N/A       6%          3
d - Ignite Poison         Fire/Tmut/Pois 13%        N/A       9%          3
e - Fireball              Conj/Fire      17%        3d9       10%         5
f - Starburst             Conj/Fire      17%        6d6       45%         6

Your spell library contained the following spells:

 Spells                   Type           Power      Damage    Failure   Level
 Foxfire                  Conj/Fire      100%       2x1d9     1%          1
 Magic Dart               Conj           100%       1d8       1%          1
 Blink                    Tloc           60%        N/A       1%          2
 Momentum Strike          Conj/Tloc      70%        3d9       1%          2
 Gell's Gravitas          Tloc           30%        N/A       1%          3
 Lesser Beckoning         Tloc           60%        N/A       1%          3
 Teleport Other           Tloc           30%        N/A       1%          3
 Kindle Blastsparks       Fire/Tloc/Air  42%        2d13      4%          3
 Vhi's Electric Charge    Tloc/Air       36%        N/A       5%          3
 Call Imp                 Summ           6%         N/A       9%          2
 Iskenderun's Battlesphe  Conj           39%        2d9       6%          5
 Arcjolt                  Conj/Air       11%        1d21      28%         5
 Freezing Cloud           Conj/Ice/Air   8%         6-21      45%         5
 Dispersal                Tloc           15%        N/A       58%         6
 Iron Shot                Conj/Erth      11%        9d3       82%         6
 Simulacrum               Ice/Necr       3%         N/A       100%        6
 Spellforged Servitor     Conj/Summ      11%        N/A       100%        7
 Maxwell's Capacitive Co  Air            3%         ∞         100%        8
 Polar Vortex             Ice            3%         N/A       100%        9


Dungeon Overview and Level Annotations

Branches:
Dungeon (12/15)            Temple (1/1) D:5            Lair (4/5) D:8
 Shoals (0/4) Lair:2        Snake (0/4) Lair:2          Orc (0/2) D:11
  Sewer (visited)         Volcano (visited)         Gauntlet (visited)
  Slime: Lair:4-5

Altars:
Ashenzari
Dithmenos
Fedhas
Hepliaklqana
Nemelex Xobeh
Okawaru
Ru
Sif Muna
Trog
Vehumet
Wu Jian
Xom

Annotations:
D:5 1 runed translucent door, Nyo's ghost, novice GnHu
D:12 Sonja


Innate Abilities, Weirdness & Mutations

You are mostly covered in slimy green scales. (AC +3)
A powerful demonic guardian rushes to your aid.
Spells you cast may paralyse nearby enemies.
Your touch may inflict irresistible damage on your foes.
You are covered in fur. (AC +1)
You have hidden genetic potential.


Message History

The thrashing horror tramples you.
* * * LOW HITPOINT WARNING * * *
You hold your ground!
The thrashing horror is engulfed in blazing flames.
The thrashing horror closely misses you.
The thrashing horror tramples you but does no damage.
The small abomination is engulfed in blazing flames.
The green draconian is engulfed in blazing flames.
You block the green draconian's attack.
The green draconian tail-slaps you but does no damage.
Something hits your smoke demon.
Your smoke demon hits the small abomination.
Your smoke demon hits the small abomination but does no damage. x2
Unknown command.
You hit the green draconian but do no damage.
The green draconian is severely wounded.
The thrashing horror tramples you.
* * * LOW HITPOINT WARNING * * *
You hold your ground!
The thrashing horror closely misses you.
The thrashing horror is engulfed in blazing flames.
The small abomination is engulfed in blazing flames.
You destroy the small abomination!
The green draconian is engulfed in blazing flames.
The green draconian breathes poison at you.
The blast of poison engulfs you!
You are lethally poisoned!
* * * LOW HITPOINT WARNING * * *
The thrashing horror is engulfed in blazing flames.
The thrashing horror barely misses you. The thrashing horror misses you.
You hear a distant slurping noise.
Something misses your smoke demon.
Your smoke demon closely misses the crimson imp.
Your smoke demon misses the crimson imp.
Your smoke demon hits the crimson imp.
You barely miss the green draconian.
The green draconian is almost dead.
You are engulfed in poison gas.
You are more poisoned.
You die...

# .. ...### ###.
..5.°##○##. ##
#.°x.#X@#. ##. .
#○#5d#○○○#.##.# #.
. #.3.##○#☼.##..#
#. .#
..####○#○.......##.
# # .#... ○#...
...##.. #.. #..##
°..#.#....# # .#
.... ....... . ..
#......#......... #
##### .... .. ... #


You could see a green draconian (catching breath, ally target), a thrashing
horror, a crimson imp and a friendly smoke demon (summoned).

Vanquished Creatures
  Snorg (D:11)
  A hydra (Lair:1)
  2 death yaks (Lair:2)
  Urug (D:12)
  A lindwurm (Lair:3)
  2 wizards (Volcano)
  An oklob plant (Gauntlet)
  An ugly thing (D:10)
  2 manticores
  A cyclops (shapeshifter) (D:12)
  A cyclops (D:12)
  2 toenail golems (Volcano)
  15 elephants
  3 black mambas
  A rust devil (Gauntlet)
  5 cane toads
  A centaur skeleton (Abyss:1)
  5 komodo dragons
  An unseen horror (D:12)
  A troll (D:11)
  8 blink frogs
  2 polar bears
  10 dream sheep
  2 wyverns
  2 centaur simulacra (Gauntlet)
  27 yaks
  3 basilisks
  A steam dragon (D:9)
  2 nagas (Lair:2)
  9 vampire mosquitoes
  An acid dragon (D:11)
  6 water moccasins
  2 hell hounds (Lair:3)
  2 orc warriors (D:11)
  A sky beast (D:7)
  9 black bears
  A swamp drake (D:11)
  2 ice beasts (D:6)
  A meliai simulacrum (Gauntlet)
  5 wolves (Lair:1)
  5 phantoms
  3 boggarts (Gauntlet)
  12 centaurs
  3 kobold brigands
  A gnoll sergeant (D:7)
  3 scorpions
  18 bullfrogs
  7 wights
  A small abomination (Abyss:1)
  A hornet simulacrum (Gauntlet)
  4 howler monkeys
  5 electric eels
  4 lava snakes (D:10)
  4 hounds
  A jelly (D:6)
  5 orc priests
  2 gnoll boudas
  Ijyb (D:4)
  2 iron imps (Gauntlet)
  2 iguanas (D:6)
  7 orc wizards
  A boggart simulacrum (Gauntlet)
  18 gnolls
  6 adders
  A river rat (Sewer)
  2 shadow imps (D:7)
  A white imp (D:6)
  3 worms
  6 dart slugs
  32 orcs
  8 ball pythons
  6 endoplasms
  15 giant cockroaches
  2 goblins (D:1)
  8 hobgoblins
  5 jackals
  4 quokkas
  4 bats
  4 frilled lizards
  12 kobolds
  6 rats
379 creatures vanquished.

Vanquished Creatures (collateral kills)
  A minotaur (Gauntlet)
  A catoblepas (Lair:1)
  A dancing weapon (Volcano)
  A wizard (Volcano)
  A manticore (D:11)
  2 worldbinders
  3 toenail golems (Volcano)
  5 elephants
  A torpor snail (Lair:2)
  A black mamba (Lair:2)
  2 komodo dragons (Lair:2)
  A large abomination (Abyss:1)
  A shadow (D:10)
  A vampire (D:9)
  4 yaks
  A wyvern (Lair:3)
  A chaos spawn (Abyss:1)
  2 vampire mosquitoes (D:11)
  An acid dragon (Gauntlet)
  An orc warrior (D:9)
  A centaur (D:10)
  A gnoll sergeant (D:3)
  5 wights
  A lava snake (D:10)
  An orc priest (D:9)
  A hound (D:5)
  A jelly (D:5)
  3 gnolls
  A white imp (D:8)
  An ufetubus (D:5)
  A worm (D:3)
  4 orcs (D:5)
  A bat (D:2)
  A giant cockroach (D:2)
  A quokka (D:2)
  A kobold (Sewer)
57 creatures vanquished.

Vanquished Creatures (others)
  A wizard (Volcano)
  27 fungi
  A lurking horror (Abyss:1)
  88 plants
117 creatures vanquished.

Grand Total: 553 creatures vanquished

Notes
Turn   | Place    | Note
-------+----------+-------------------------------------------
     0 | D:1      | Shayle the Demonspawn Reaver began the quest for the Orb.
     0 | D:1      | Reached XP level 1. HP: 16/16 MP: 3/3
   206 | D:1      | Gained mutation: A weak demonic guardian rushes to your
                  | aid. [demonic ancestry]
   206 | D:1      | Reached XP level 2. HP: 19/22 MP: 5/5
   215 | D:1      | Reached skill level 1 in Stealth
   273 | D:1      | Reached skill level 1 in Armour
   565 | D:1      | Reached XP level 3. HP: 24/28 MP: 6/6
   584 | D:1      | You fall into a shaft and drop 1 floor!
  1176 | D:2      | Gained mutation: Spells you cast may paralyse adjacent
                  | enemies. [demonic ancestry]
  1176 | D:2      | Reached XP level 4. HP: 34/34 MP: 7/7
  1211 | D:2      | Reached skill level 3 in Fighting
  1338 | D:3      | Found a sacrificial altar of Ru.
  1460 | D:3      | Found a glowing drain.
  1492 | Sewer    | Entered a sewer
  1560 | Sewer    | Noticed a kobold brigand
  1561 | Sewer    | Noticed a kobold brigand
  1597 | Sewer    | Killed a kobold brigand
  1598 | Sewer    | Reached XP level 5. HP: 9/41 MP: 8/8
  2092 | D:3      | Found a faded altar of an unknown god.
  2310 | D:3      | Found a shadowy altar of Dithmenos.
  2348 | D:3      | Identified the +6 dagger "Ryhuneuf" {freeze, Will++}
  2494 | D:3      | Gained mutation: A demonic guardian rushes to your aid.
                  | [demonic ancestry]
  2494 | D:3      | Reached XP level 6. HP: 48/48 MP: 9/9
  2497 | D:3      | Reached skill level 4 in Fighting
  2569 | D:5      | Entered Level 5 of the Dungeon
  2999 | D:5      | Found a radiant altar of Vehumet.
  3063 | D:5      | Found a staircase to the Ecumenical Temple.
  3079 | Temple   | Entered the Ecumenical Temple
  3090 | Temple   | Became a worshipper of Ashenzari the Shackled
  3240 | D:4      | Noticed Ijyb
  3254 | D:4      | Killed Ijyb
  3576 | D:5      | Gained mutation: Spells you cast may paralyse nearby
                  | enemies. [demonic ancestry]
  3576 | D:5      | Reached XP level 7. HP: 38/55 MP: 10/10
  3851 | D:5      | Noticed Nyo's ghost (novice GnHu)
  3854 | D:5      | Found a runed translucent door.
  4114 | D:6      | Reached skill level 5 in Fighting
  4275 | D:6      | Reached skill level 5 in Stealth
  4293 | D:6      | Reached XP level 8. HP: 64/64 MP: 11/11
  4355 | D:6      | Reached skill level 5 in Armour
  4550 | D:5      | Reached skill level 6 in Fighting
  4768 | D:5      | Reached skill level 1 in Shields
  5301 | D:1      | Found a faded altar of an unknown god.
  6589 | D:7      | Reached skill level 7 in Fighting
  6705 | D:7      | Gained mutation: A powerful demonic guardian rushes to your
                  | aid. [demonic ancestry]
  6705 | D:7      | Reached XP level 9. HP: 57/72 MP: 12/12
  7639 | D:8      | Found a staircase to the Lair.
  8100 | D:9      | Reached skill level 8 in Fighting
  8510 | D:9      | Found an iron altar of Okawaru.
  8658 | D:9      | Reached skill level 5 in Shields
  8822 | D:9      | Gained mutation: Your touch may inflict minor irresistible
                  | damage on your foes. [demonic ancestry]
  8822 | D:9      | Reached XP level 10. HP: 82/82 MP: 13/13
  8865 | Lair:1   | Entered Level 1 of the Lair of Beasts
  9262 | Lair:1   | Reached skill level 9 in Fighting
  9826 | Lair:1   | HP: 2/85 [polar bear (15)]
  9834 | Lair:1   | Reached skill level 10 in Fighting
 10121 | Lair:1   | Gained mutation: Your touch may inflict irresistible damage
                  | on your foes. [demonic ancestry]
 10121 | Lair:1   | Reached XP level 11. HP: 73/90 MP: 14/14
 10916 | Lair:1   | Upgraded the game from 0.30-a0-377-g5cb311bc9f to
                  | 0.30-a0-381-g6ea064c7b4
 11505 | Lair:2   | Noticed a catoblepas
 12483 | D:9      | Learned a level 3 spell: Hailstorm
 12487 | D:9      | Learned a level 3 spell: Mephitic Cloud
 12491 | D:9      | Learned a level 3 spell: Ignite Poison
 12757 | D:9      | Found a shimmering altar of Xom.
 12757 | D:9      | Found a shimmering altar of Xom.
 12757 | D:9      | Found a shimmering altar of Xom.
 12784 | D:10     | Entered Level 10 of the Dungeon
 13486 | Lair:1   | Reached skill level 1 in Hexes
 13486 | Lair:1   | Reached skill level 1 in Translocations
 13696 | Lair:1   | Killed a catoblepas
 13699 | Lair:1   | Reached skill level 11 in Fighting
 14016 | Lair:1   | Reached skill level 10 in Armour
 14108 | Lair:1   | Learned a level 5 spell: Fireball
 14573 | Lair:2   | Gained mutation: You are partially covered in slimy green
                  | scales. (AC +2) [demonic ancestry]
 14573 | Lair:2   | Reached XP level 12. HP: 78/100 MP: 17/17
 14577 | Lair:2   | Reached skill level 1 in Fire Magic
 14767 | Lair:2   | Found a staircase to the Shoals.
 15607 | Lair:2   | Noticed a four-headed hydra
 15662 | Lair:1   | Killed a four-headed hydra
 15848 | Lair:2   | Reached skill level 5 in Conjurations
 16028 | Lair:2   | Noticed a death yak
 16029 | Lair:2   | Noticed a death yak
 16393 | Lair:2   | Found a staircase to the Snake Pit.
 17403 | Lair:2   | Killed a death yak
 17409 | Lair:2   | Killed a death yak
 17410 | Lair:2   | Reached skill level 5 in Spellcasting
 17992 | Lair:3   | Found a dark tunnel.
 18027 | Volcano  | Entered a volcano
 18052 | Volcano  | Gained mutation: You have hidden genetic potential. [potion
                  | of mutation]
 18052 | Volcano  | Gained mutation: You are covered in fur. (AC +1) [potion of
                  | mutation]
 18064 | Volcano  | Gained mutation: You are mostly covered in slimy green
                  | scales. (AC +3) [demonic ancestry]
 18064 | Volcano  | Reached XP level 13. HP: 107/107 MP: 11/20
 18095 | Volcano  | Reached skill level 5 in Hexes
 18330 | Volcano  | Reached skill level 12 in Fighting
 20106 | Lair:4   | Identified the +4 rapier of Calculation {vamp, Dex+2 SInv}
 20139 | Lair:4   | Found a gate leading to a gauntlet.
 20147 | Gauntlet | Entered a Gauntlet
 20147 | Gauntlet | Found a transporter.
 20147 | Gauntlet | Found a transporter.
 20147 | Gauntlet | Found a transporter.
 20167 | Gauntlet | Found a transporter.
 20183 | Gauntlet | Found a transporter.
 20194 | Gauntlet | Found a large runed translucent door.
 20195 | Gauntlet | Found a large runed translucent door.
 20196 | Gauntlet | Found a large runed translucent door.
 20196 | Gauntlet | Found a large runed translucent door.
 20197 | Gauntlet | Found a runed translucent gate.
 20198 | Gauntlet | Found a transporter.
 20198 | Gauntlet | Found a runed translucent gate.
 20199 | Gauntlet | Found a runed translucent gate.
 20200 | Gauntlet | Found a large runed translucent door.
 20200 | Gauntlet | Found a large runed translucent door.
 20201 | Gauntlet | Found a large runed translucent door.
 20202 | Gauntlet | Found a large runed translucent door.
 20204 | Gauntlet | Found a transporter.
 20212 | Gauntlet | Found a transporter.
 20229 | Gauntlet | Found a transporter.
 20240 | Gauntlet | Found a transporter.
 20261 | Gauntlet | Found a transporter.
 20289 | Gauntlet | Found a transporter.
 20293 | Gauntlet | Found a large runed translucent door.
 20294 | Gauntlet | Found a large runed translucent door.
 20295 | Gauntlet | Found a large runed translucent door.
 20295 | Gauntlet | Found a large runed translucent door.
 20295 | Gauntlet | Found a runed translucent door.
 20295 | Gauntlet | Found a runed translucent door.
 20296 | Gauntlet | Found a large runed translucent door.
 20296 | Gauntlet | Found a large runed translucent door.
 20297 | Gauntlet | Found a large runed translucent door.
 20298 | Gauntlet | Found a large runed translucent door.
 20839 | Gauntlet | Reached skill level 5 in Translocations
 21356 | Gauntlet | Identified the +1 hat of Lethargy {rElec rF+ rC+}
 21504 | Gauntlet | Noticed a minotaur
 21537 | Gauntlet | Killed a minotaur
 21800 | Gauntlet | Identified the +0 hat of Pragmatism {rPois rC+ Str-5 Int+5}
 22041 | Lair:1   | Learned a level 6 spell: Starburst
 22665 | D:10     | Found a bloodstained altar of Trog.
 22939 | D:11     | Noticed Snorg
 22953 | D:11     | Killed Snorg
 23262 | D:11     | Reached skill level 5 in Fire Magic
 24599 | D:11     | Found a staircase to the Orcish Mines.
 24978 | D:12     | Noticed Urug
 24995 | D:12     | Killed Urug
 25259 | D:12     | Noticed Sonja
 25266 | Abyss:1  | Cast into level 1 of the Abyss (Sonja)
 25328 | Abyss:1  | Noticed a starcursed mass
 25336 | Abyss:1  | Noticed a tentacled starspawn
 25411 | Abyss:1  | Reached * piety under Ashenzari
 25503 | Abyss:1  | Identified the cursed +2 pair of boots of the Shattered
                  | Fetters {Stlth+, Comp, Range} (You found it in a volcano)
 25537 | Abyss:1  | Noticed a green draconian
 25542 | Abyss:1  | Noticed a brown very ugly thing
 25571 | Abyss:1  | HP: 1/109 [green draconian/blast of poison (7)]
 25572 | Abyss:1  | Succumbed to a green draconian's poison gas

Illustrated notes

Levels and vault maps discovered:
D:1:      tarquinn_simple_flora_water_e, layout_basic,
          ebering_ecumenical_altar_webs, chequers_serial_rivers_micro_e,
          nicolae_concentric_dashed_squares_wild
D:2:      minmay_roachtagon, layout_loops_ring
D:3:      layout_loops_cross, lemuel_crystal_altar,
          nicolae_ru_great_annihilating_truth,
          nicolae_overflow_ecumenical_swirl, gup_sewer_entry_bubbles
D:4:      layout_cave_pools, hangedman_glass_teeth, uniq_ijyb
D:5:      layout_basic, vehumet_crystals, minmay_temple_entry_glass,
          hellmonk_ghost_happy_afterlife, minmay_fractal_squares_diagonal_5
D:6:      cheibrodos_quashed, layout_rooms, hangedman_abyss_or_decor_stagger,
          minmay_increasing_density
D:7:      layout_cave_pools, minmay_fractal_squares_5
D:8:      layout_rooms, lair_entry_dummy, chequers_serial_rivers_small_a
D:9:      layout_loops_cross, xom_shifter_show, mainiacjoe_overflow_boulevard
D:10:     layout_big_octagon, mainiacjoe_overflow_small_starburst
D:11:     layout_basic, erik_orc_1, uniq_snorg
D:12:     layout_basic, minmay_shattered_shrine, uniq_sonja, uniq_urug
Temple:   eino_wide_crystal_templ
Lair:1:   layout_cave_pods, nicolae_lair_grazing_beasts
          [nicolae_sub_lair_graze_edge, nicolae_sub_lair_graze_edge,
          nicolae_sub_lair_graze_edge, nicolae_sub_lair_graze_edge],
          grunt_megastairs_5, infiniplex_staircase_pool_2, serial_bayou_shore_a
Lair:2:   nzn_winding_woodlands_medium [nzn_winding_woodlands_5x5_default,
          nzn_winding_woodlands_5x15_concentric,
          nzn_winding_woodlands_5x5_closed_star,
          nzn_winding_woodlands_5x5_perimeter,
          nzn_winding_woodlands_center_garden,
          nzn_winding_woodlands_5x5_checkerboard,
          nzn_winding_woodlands_5x5_open_star,
          nzn_winding_woodlands_5x15_pathside_ponds,
          nzn_winding_woodlands_5x5_default], layout_cave_pods,
          shoals_dummy_entry, guppyfry_snake_entry_garden, beast_lair_carwin_6
Lair:3:   layout_gridlike, enter_volcano_3, beast_lair_carwin_2
Lair:4:   layout_long_grid, slime_entry_1, gauntlet_entry_generic,
          serial_bayou_pond_d
Abyss:1:  base:
D:12

Skill      XL: |  1  2  3  4  5  6  7  8  9 10 11 12 13 |
---------------+----------------------------------------+-----
Stealth        | 1 2 3 4 5 |  5.6
Armour         | 1 2 3 4 6 7 9 10 11 | 11.5
Fighting       | 3 4 5 7 8 10 11 12 | 12.6
Shields        | 2 5 7 8 |  8.0
Hexes          | 2 4 5 |  5.7
Translocations | 2 4 5 |  5.1
Spellcasting   | 3 5 6 |  6.5
Conjurations   | 4 5 7 |  7.4
Fire Magic     | 3 5 |  5.4
Axes           | |  2.6
Dodging        | |  1.7

Action                   |  1- 3 |  4- 6 |  7- 9 | 10-12 | 13-15 || total
-------------------------+-------+-------+-------+-------+-------++-------
Melee: Hand axe          |    59 |       |       |       |       ||    59
       Punch             |     4 |     1 |       |       |       ||     5
       Dagger            |    79 |   238 |   553 |   429 |   299 ||  1598
       Spear             |       |       |       |   454 |   247 ||   701
       Rapier            |       |       |       |       |    34 ||    34
 Cast: Mephitic Cloud    |       |       |       |    87 |    41 ||   128
       Ignite Poison     |       |       |       |    39 |    20 ||    59
       Hailstorm         |       |       |       |     1 |    25 ||    26
       Fireball          |       |       |       |       |    29 ||    29
Invok: Curse Item        |       |       |     1 |       |     1 ||     2
Evoke: Wand              |       |       |       |    22 |    39 ||    61
       Tin of tremorston |       |       |       |       |     2 ||     2
  Use: Potion            |       |     5 |       |    11 |    18 ||    34
       Scroll            |       |     3 |    12 |    12 |     7 ||    34
 Stab: Distracted        |     2 |       |     1 |     2 |     2 ||     7
       Sleeping          |     2 |     2 |     1 |     1 |     4 ||    10
       Confused          |       |       |       |    22 |     5 ||    27
       Paralysed         |       |       |       |    36 |    12 ||    48
       Petrified         |       |       |       |     2 |       ||     2
       Invisible         |       |       |       |     2 |     3 ||     5
Armor: Leather armour    |    42 |    66 |       |       |   494 ||   602
       Scale mail        |       |    23 |   361 |   323 |       ||   707
       Robe              |       |       |       |   250 |   102 ||   352
       Skin              |       |       |       |    62 |       ||    62
Dodge: Dodged            |    80 |   153 |   260 |   398 |   450 ||  1341
Block: Buckler           |       |     7 |   107 |   277 |   291 ||   682

Table legend: (Time is in decaauts)
 A = Elapsed time spent in this place.
 B = Non-inter-level travel time spent in this place.
 C = Inter-level travel time spent in this place.
 D = Time resting spent in this place.
 E = Time spent auto-exploring this place.
 F = Levels seen in this place.
 G = Mean time per level.
                   A        B        C        D        E       F      G
               +--------+--------+--------+--------+--------+-----+--------+
         Total |  25899 |  24409 |   1490 |   7973 |   8166 |  21 | 1233.3 |
       Dungeon |  12995 |  12226 |    769 |   2394 |   5977 |  12 | 1082.9 |
        Temple |     20 |     12 |      8 |      0 |      3 |   1 |   20.0 |
          Lair |   9945 |   9233 |    712 |   4354 |   2111 |   4 | 2486.2 |
         Abyss |    306 |    306 |      0 |     49 |      0 |   1 |  306.0 |
         Sewer |    394 |    394 |      0 |    106 |     74 |   1 |  394.0 |
       Volcano |    559 |    559 |      0 |    124 |      0 |   1 |  559.0 |
      Gauntlet |   1676 |   1676 |      0 |    946 |      0 |   1 | 1676.0 |
               +--------+--------+--------+--------+--------+-----+--------+

Top non-repeatable levels by time:
  Lair:1: 4809 daAuts
  Lair:2: 3575 daAuts
Gauntlet: 1676 daAuts
     D:9: 1570 daAuts
    D:11: 1549 daAuts
  Lair:3: 1486 daAuts
     D:5: 1408 daAuts
     D:3: 1403 daAuts
    D:10: 1220 daAuts
     D:8: 1119 daAuts
     D:1: 1058 daAuts
     D:6: 900 daAuts
     D:7: 896 daAuts
     D:4: 812 daAuts
     D:2: 726 daAuts
